3066 views
Uploaded 2020-02-01 16:31:01
Game version 1.32 / 1.32.1
36:19 long 3on3 ladder game on (6)ThunderLake_LV
Saved by BEARAND
3066 views
Uploaded 2020-02-01 16:31:01
Game version 1.32 / 1.32.1
36:19 long 3on3 ladder game on (6)ThunderLake_LV


181 units @ 28.6k
/ 5.8k
76 buildings @ 9k
/ 4.3k



| Scroll of Regeneration | 1 | 100 |
| Lesser Clarity Potion | 2 | 140 |
| Orb of Fire | 1 | 325 |
| Scroll of Town Portal | 1 | 350 |
| total: | 5 | 915g |
| Peasant | 16 | 1200 | / | 0 |
| Rifleman | 9 | 1845 | / | 270 |
| Mortar Team | 16 | 2880 | / | 1120 |
| Gryphon Rider | 6 | 1680 | / | 420 |
| Dragonhawk Rider | 9 | 1800 | / | 270 |
| Siege Engine | 6 | 1170 | / | 360 |
| Razormane Medicine Man | 1 | 350 | / | 60 |
| total: | 63 | 10925g | / | 2500w |
| Scout Tower | 4 | 120 | / | 80 |
| Arcane Tower | 2 | 140 | / | 100 |
| Guard Tower | 2 | 140 | / | 100 |
| Blacksmith | 1 | 140 | / | 60 |
| Barracks | 1 | 160 | / | 60 |
| Altar of Kings | 1 | 180 | / | 50 |
| Farm | 13 | 1040 | / | 260 |
| Lumber Mill | 1 | 120 | / | 0 |
| Arcane Vault | 1 | 130 | / | 30 |
| Town Hall | 1 | 385 | / | 205 |
| Workshop | 2 | 280 | / | 280 |
| Gryphon Aviary | 2 | 280 | / | 300 |
| Keep | 1 | 320 | / | 210 |
| Castle | 1 | 360 | / | 210 |
| total: | 27 | 2835g | / | 1325w |
| 0:02 | Peasant |
| 0:02 | Peasant |
| 0:11 | Peasant |
| 0:20 | Peasant |
| 0:37 | Blacksmith |
| 0:41 | Barracks |
| 0:44 | Peasant |
| 0:52 | Altar of Kings |
| 1:06 | Farm |
| 1:09 | Peasant |
| 1:22 | Farm |
| 1:33 | Peasant |
| 1:39 | Farm |
| 1:42 | Farm |
| 1:54 | Rifleman |
| 2:18 | Farm |
| 2:25 | Rifleman |
| 2:28 | Scout Tower |
| 2:59 | Arcane Tower |
| 3:01 | Farm |
| 3:03 | Rifleman |
| 3:09 | Holy Light |
| 3:49 | Rifleman |
| 4:11 | Lumber Mill |
| 4:34 | Keep |
| 4:51 | Farm |
| 5:23 | Scout Tower |
| 6:36 | Guard Tower |
| 7:04 | Improved Lumber Harvesting |
| 7:04 | Peasant |
| 7:05 | Peasant |
| 7:08 | Workshop |
| 7:09 | Workshop |
| 7:23 | Rifleman |
| 7:39 | Rifleman |
| 7:45 | Arcane Vault |
| 7:47 | Peasant |
| 7:48 | Peasant |
| 8:00 | Flame Strike |
| 8:11 | Peasant |
| 8:12 | Peasant |
| 8:35 | Devotion Aura |
| 8:43 | Farm |
| 8:55 | Black Gunpowder |
| 9:26 | Banish |
| 9:34 | Town Hall |
| 9:35 | Mortar Team |
| 9:37 | Peasant |
| 9:37 | Peasant |
| 9:43 | Flare |
| 9:50 | Long Rifles |
| 9:57 | Scroll of Town Portal |
| 9:58 | Scroll of Regeneration |
| 10:00 | Lesser Clarity Potion |
| 10:07 | Farm |
| 10:09 | Scout Tower |
| 10:10 | Scout Tower |
| 10:16 | Farm |
| 10:53 | Razormane Medicine Man |
| 11:12 | Peasant |
| 11:28 | Mortar Team |
| 11:40 | Mortar Team |
| 11:42 | Guard Tower |
| 11:42 | Arcane Tower |
| 11:45 | Farm |
| 11:47 | Farm |
| 12:05 | Castle |
| 12:22 | Mortar Team |
| 12:26 | Studded Leather Armor |
| 12:57 | Holy Light |
| 13:10 | Mortar Team |
| 13:13 | Gryphon Aviary |
| 13:49 | Gryphon Aviary |
| 14:11 | Mortar Team |
| 14:26 | Mortar Team |
| 14:56 | Flame Strike |
| 15:19 | Gryphon Rider |
| 15:21 | Animal War Training |
| 16:00 | Fragmentation Shards |
| 16:03 | Gryphon Rider |
| 16:42 | Cloud |
| 17:13 | Rifleman |
| 17:40 | Dragonhawk Rider |
| 17:41 | Gryphon Rider |
| 18:54 | Mortar Team |
| 18:54 | Mortar Team |
| 18:59 | Refined Gunpowder |
| 18:59 | Reinforced Leather Armor |
| 19:25 | Advanced Lumber Harvesting |
| 19:51 | Siphon Mana |
| 21:26 | Dragonhawk Rider |
| 21:36 | Dragonhawk Rider |
| 21:38 | Mortar Team |
| 21:52 | Mortar Team |
| 21:53 | Mortar Team |
| 21:53 | Mortar Team |
| 22:02 | Gryphon Rider |
| 22:03 | Storm Hammers |
| 22:06 | Rifleman |
| 22:06 | Rifleman |
| 23:14 | Divine Shield |
| 24:28 | Siege Engine |
| 24:28 | Siege Engine |
| 24:57 | Siege Engine |
| 24:58 | Siege Engine |
| 25:46 | Gryphon Rider |
| 26:20 | Mortar Team |
| 26:20 | Mortar Team |
| 26:20 | Mortar Team |
| 26:47 | Gryphon Rider |
| 27:13 | Storm Bolt |
| 28:41 | Dragonhawk Rider |
| 28:41 | Dragonhawk Rider |
| 28:56 | Lesser Clarity Potion |
| 29:01 | Orb of Fire |
| 29:13 | Iron Forged Swords |
| 29:33 | Farm |
| 32:35 | Dragonhawk Rider |
| 32:35 | Dragonhawk Rider |
| 32:35 | Dragonhawk Rider |
| 32:43 | Siege Engine |
| 32:43 | Siege Engine |
| 34:03 | Dragonhawk Rider |
| Right click | 2222 |
| Select group | 970 |
| Select | 720 |
| Assign group | 171 |
| Build/train/purchase | 116 |
| Use ability | 108 |
| Misc. action | 51 |
| Minimap ping | 20 |
| Remove unit | 10 |
| Chat | 7 |
| Item give/drop | 3 |


| Orb of Venom | 2 | 650 |
| Anti-magic Potion | 1 | 100 |
| Staff of Preservation | 3 | 450 |
| Potion of Healing | 2 | 300 |
| Moonstone | 1 | 50 |
| total: | 9 | 1550g |
| Wisp | 26 | 1560 | / | 0 |
| Archer | 12 | 1560 | / | 120 |
| Glaive Thrower | 10 | 2100 | / | 650 |
| Chimaera | 7 | 2310 | / | 490 |
| Hippogryph | 4 | 640 | / | 80 |
| Mountain Giant | 3 | 1050 | / | 300 |
| Faerie Dragon | 2 | 310 | / | 50 |
| total: | 64 | 9530g | / | 1690w |
| Ancient Protector | 5 | 675 | / | 400 |
| Altar of Elders | 1 | 180 | / | 50 |
| Moon Well | 7 | 1260 | / | 280 |
| Ancient of War | 1 | 150 | / | 60 |
| Hunter's Hall | 1 | 210 | / | 100 |
| Ancient of Wonders | 1 | 90 | / | 30 |
| Tree of Life | 1 | 340 | / | 185 |
| Ancient of Wind | 3 | 450 | / | 420 |
| Ancient of Lore | 2 | 310 | / | 290 |
| Chimaera Roost | 2 | 280 | / | 380 |
| Tree of Ages | 1 | 320 | / | 180 |
| Tree of Eternity | 1 | 330 | / | 200 |
| total: | 24 | 3945g | / | 2195w |
| 0:05 | Altar of Elders |
| 0:07 | Moon Well |
| 0:09 | Wisp |
| 0:09 | Wisp |
| 0:36 | Ancient of War |
| 0:42 | Wisp |
| 0:55 | Wisp |
| 1:46 | Archer |
| 1:46 | Archer |
| 1:46 | Archer |
| 1:54 | Moon Well |
| 1:57 | Wisp |
| 2:11 | Force of Nature |
| 2:23 | Archer |
| 3:11 | Wisp |
| 3:11 | Wisp |
| 3:34 | Hunter's Hall |
| 3:47 | Wisp |
| 3:47 | Wisp |
| 3:47 | Wisp |
| 4:09 | Wisp |
| 4:09 | Wisp |
| 4:10 | Archer |
| 4:23 | Archer |
| 4:38 | Entangling Roots |
| 4:45 | Wisp |
| 4:47 | Archer |
| 4:53 | Moon Well |
| 4:54 | Moon Well |
| 5:39 | Tree of Ages |
| 5:59 | Glaive Thrower |
| 6:11 | Glaive Thrower |
| 6:47 | Ancient Protector |
| 7:03 | Strength of the Moon |
| 7:03 | Strength of the Wild |
| 8:30 | Tree of Eternity |
| 8:39 | Moon Well |
| 8:40 | Moon Well |
| 8:41 | Moon Well |
| 8:42 | Archer |
| 8:43 | Archer |
| 8:45 | Archer |
| 9:43 | Vorpal Blades |
| 9:43 | Improved Bows |
| 11:38 | Wisp |
| 11:39 | Wisp |
| 11:39 | Wisp |
| 11:43 | Chimaera Roost |
| 11:46 | Chimaera Roost |
| 11:49 | Ancient of Wonders |
| 12:07 | Ultravision |
| 12:57 | Ancient Protector |
| 13:00 | Wisp |
| 13:00 | Wisp |
| 13:32 | Chimaera |
| 13:40 | Ancient Protector |
| 13:42 | Entangling Roots |
| 13:45 | Ancient Protector |
| 13:58 | Orb of Venom |
| 13:59 | Anti-magic Potion |
| 14:00 | Staff of Preservation |
| 14:19 | Chimaera |
| 14:19 | Chimaera |
| 14:22 | Well Spring |
| 15:14 | Nature's Blessing |
| 15:25 | Improved Strength of the Wild |
| 16:06 | Corrosive Breath |
| 16:36 | Reinforced Hides |
| 16:45 | Marksmanship |
| 16:45 | Archer |
| 16:48 | Archer |
| 17:21 | Chimaera |
| 17:22 | Chimaera |
| 17:47 | Potion of Healing |
| 17:51 | Moonstone |
| 18:44 | Tree of Life |
| 19:20 | Chimaera |
| 19:21 | Chimaera |
| 20:17 | Advanced Strength of the Wild |
| 20:35 | Ancient of Wind |
| 20:38 | Wisp |
| 21:19 | Force of Nature |
| 21:55 | Hippogryph |
| 21:56 | Hippogryph |
| 21:56 | Hippogryph |
| 21:59 | Hippogryph |
| 22:13 | Improved Reinforced Hides |
| 23:12 | Wisp |
| 23:12 | Wisp |
| 23:17 | Wisp |
| 23:17 | Wisp |
| 23:17 | Wisp |
| 23:17 | Wisp |
| 23:22 | Wisp |
| 23:46 | Ancient Protector |
| 23:59 | Ancient of Lore |
| 24:02 | Ancient of Lore |
| 24:21 | Improved Strength of the Moon |
| 24:21 | Moon Armor |
| 24:22 | Advanced Reinforced Hides |
| 24:45 | Staff of Preservation |
| 26:09 | Mana Burn |
| 26:12 | Hardened Skin |
| 26:13 | Resistant Skin |
| 26:16 | Mountain Giant |
| 26:16 | Mountain Giant |
| 26:57 | Glaive Thrower |
| 26:57 | Glaive Thrower |
| 27:21 | Glaive Thrower |
| 27:29 | Glaive Thrower |
| 28:38 | Mountain Giant |
| 29:49 | Orb of Venom |
| 29:49 | Staff of Preservation |
| 29:50 | Potion of Healing |
| 30:32 | Glaive Thrower |
| 30:32 | Glaive Thrower |
| 30:41 | Faerie Dragon |
| 30:51 | Faerie Dragon |
| 34:04 | Glaive Thrower |
| 34:04 | Glaive Thrower |
| 34:09 | Druid of the Talon Adept Training |
| 34:15 | Ancient of Wind |
| 34:20 | Ancient of Wind |
| Right click | 947 |
| Select | 497 |
| Select group | 166 |
| Build/train/purchase | 117 |
| Use ability | 65 |
| Assign group | 26 |
| Misc. action | 11 |
| Minimap ping | 4 |
| Item give/drop | 3 |
| Remove unit | 1 |


| Peasant | 11 | 825 | / | 0 |
| Footman | 7 | 945 | / | 0 |
| Priest | 10 | 1350 | / | 100 |
| Rifleman | 8 | 1640 | / | 240 |
| Mortar Team | 15 | 2700 | / | 1050 |
| Knight | 3 | 735 | / | 180 |
| total: | 54 | 8195g | / | 1570w |
| Scout Tower | 3 | 90 | / | 60 |
| Arcane Tower | 1 | 70 | / | 50 |
| Guard Tower | 2 | 140 | / | 100 |
| Barracks | 1 | 160 | / | 60 |
| Altar of Kings | 1 | 180 | / | 50 |
| Farm | 16 | 1280 | / | 320 |
| Lumber Mill | 1 | 120 | / | 0 |
| Blacksmith | 1 | 140 | / | 60 |
| Arcane Sanctum | 1 | 150 | / | 140 |
| Workshop | 1 | 140 | / | 140 |
| Keep | 1 | 320 | / | 210 |
| Castle | 1 | 360 | / | 210 |
| total: | 25 | 2260g | / | 830w |
| 0:02 | Peasant |
| 0:08 | Barracks |
| 0:09 | Peasant |
| 0:14 | Altar of Kings |
| 0:18 | Farm |
| 0:35 | Peasant |
| 0:52 | Peasant |
| 1:16 | Peasant |
| 1:25 | Farm |
| 1:25 | Footman |
| 1:27 | Peasant |
| 1:41 | Footman |
| 2:01 | Peasant |
| 2:06 | Footman |
| 2:22 | Footman |
| 2:29 | Summon Water Elemental |
| 3:02 | Peasant |
| 3:03 | Peasant |
| 3:12 | Peasant |
| 3:41 | Farm |
| 3:41 | Peasant |
| 3:44 | Farm |
| 4:16 | Defend |
| 4:23 | Farm |
| 4:35 | Lumber Mill |
| 4:51 | Scout Tower |
| 5:34 | Arcane Tower |
| 5:46 | Scout Tower |
| 5:54 | Blacksmith |
| 5:55 | Keep |
| 7:03 | Scout Tower |
| 7:04 | Guard Tower |
| 7:59 | Iron Forged Swords |
| 8:03 | Footman |
| 8:03 | Footman |
| 8:05 | Guard Tower |
| 8:09 | Farm |
| 8:17 | Castle |
| 8:24 | Arcane Sanctum |
| 8:53 | Farm |
| 8:54 | Footman |
| 8:58 | Iron Plating |
| 9:02 | Improved Lumber Harvesting |
| 9:35 | Workshop |
| 9:42 | Priest |
| 9:42 | Priest |
| 9:46 | Farm |
| 10:11 | Steel Plating |
| 10:11 | Rifleman |
| 10:30 | Priest |
| 10:38 | Mortar Team |
| 10:41 | Mortar Team |
| 10:49 | Knight |
| 11:07 | Priest |
| 11:27 | Knight |
| 11:34 | Farm |
| 11:35 | Farm |
| 12:09 | Knight |
| 12:10 | Mortar Team |
| 12:35 | Mortar Team |
| 12:50 | Priest |
| 14:01 | Mortar Team |
| 14:01 | Mortar Team |
| 14:57 | Brilliance Aura |
| 15:06 | Mortar Team |
| 16:39 | Mortar Team |
| 16:40 | Mortar Team |
| 17:51 | Mortar Team |
| 17:52 | Mortar Team |
| 19:14 | Farm |
| 19:14 | Farm |
| 19:15 | Farm |
| 19:15 | Farm |
| 19:16 | Farm |
| 19:17 | Farm |
| 19:18 | Steel Forged Swords |
| 19:19 | Black Gunpowder |
| 19:20 | Rifleman |
| 19:21 | Rifleman |
| 19:33 | Priest Adept Training |
| 19:34 | Priest |
| 19:34 | Priest |
| 21:54 | Mortar Team |
| 21:57 | Rifleman |
| 21:58 | Rifleman |
| 22:10 | Priest |
| 22:10 | Priest |
| 26:29 | Rifleman |
| 26:29 | Rifleman |
| 26:31 | Rifleman |
| 26:46 | Storm Bolt |
| 28:59 | Mortar Team |
| 28:59 | Mortar Team |
| 29:00 | Mortar Team |
| 29:40 | Priest Master Training |
| 32:58 | Priest |
| Right click | 2216 |
| Select | 1012 |
| Build/train/purchase | 304 |
| Misc. action | 92 |
| Assign group | 60 |
| Select group | 27 |
| Use ability | 7 |
| Chat | 4 |
| Remove unit | 2 |
| Esc | 2 |
77 units @ 6.7k
/ 0.3k
286 buildings @ 12.6k
/ 7.1k
iggythefisk
(36:19) : 


x1)
| Scroll of Regeneration | 10 | 1000 |
| Staff of Sanctuary | 3 | 750 |
| Orb of Fire | 3 | 975 |
| Lesser Clarity Potion | 9 | 630 |
| Ivory Tower | 1 | 40 |
| Boots of Speed | 3 | 750 |
| Staff of Teleportation | 2 | 300 |
| Tome of Retraining | 1 | 300 |
| Staff of Silence | 2 | 1200 |
| Pendant of Energy | 1 | 300 |
| Ring of Protection +5 | 1 | 600 |
| total: | 36 | 6845g |
| Peasant | 20 | 1500 | / | 0 |
| Goblin Zeppelin | 1 | 240 | / | 60 |
| total: | 21 | 1740g | / | 60w |
| Scout Tower | 57 | 1710 | / | 1140 |
| Arcane Tower | 5 | 350 | / | 250 |
| Guard Tower | 25 | 1750 | / | 1250 |
| Altar of Kings | 1 | 180 | / | 50 |
| Lumber Mill | 1 | 120 | / | 0 |
| Farm | 3 | 240 | / | 60 |
| Arcane Vault | 1 | 130 | / | 30 |
| Town Hall | 1 | 385 | / | 205 |
| Arcane Sanctum | 1 | 150 | / | 140 |
| Keep | 1 | 320 | / | 210 |
| Castle | 1 | 360 | / | 210 |
| total: | 65 | 2915g | / | 1625w |
| 0:01 | Peasant |
| 0:06 | Altar of Kings |
| 0:15 | Peasant |
| 0:20 | Lumber Mill |
| 0:22 | Peasant |
| 0:25 | Farm |
| 0:33 | Peasant |
| 0:49 | Peasant |
| 0:55 | Farm |
| 1:11 | Peasant |
| 1:28 | Scout Tower |
| 1:35 | Peasant |
| 1:35 | Peasant |
| 1:41 | Scout Tower |
| 1:43 | Scout Tower |
| 1:48 | Peasant |
| 1:50 | Scout Tower |
| 1:57 | Arcane Tower |
| 1:59 | Peasant |
| 2:10 | Summon Water Elemental |
| 2:13 | Scout Tower |
| 2:15 | Scout Tower |
| 2:16 | Arcane Tower |
| 2:30 | Scout Tower |
| 2:30 | Scout Tower |
| 2:32 | Peasant |
| 2:32 | Peasant |
| 2:38 | Improved Masonry |
| 2:47 | Guard Tower |
| 3:04 | Peasant |
| 3:07 | Guard Tower |
| 3:08 | Scout Tower |
| 3:22 | Peasant |
| 3:47 | Guard Tower |
| 3:49 | Scout Tower |
| 3:49 | Scout Tower |
| 3:51 | Guard Tower |
| 3:52 | Scout Tower |
| 3:52 | Scout Tower |
| 4:22 | Keep |
| 4:31 | Boots of Speed |
| 4:46 | Staff of Teleportation |
| 4:56 | Guard Tower |
| 5:00 | Guard Tower |
| 5:03 | Scout Tower |
| 5:20 | Guard Tower |
| 5:24 | Scout Tower |
| 5:24 | Scout Tower |
| 5:37 | Scout Tower |
| 5:38 | Guard Tower |
| 5:39 | Scout Tower |
| 7:26 | Brilliance Aura |
| 7:47 | Farm |
| 7:51 | Scroll of Regeneration |
| 8:02 | Guard Tower |
| 8:03 | Scout Tower |
| 8:04 | Scout Tower |
| 8:05 | Guard Tower |
| 8:07 | Arcane Vault |
| 8:11 | Peasant |
| 8:11 | Peasant |
| 8:35 | Advanced Masonry |
| 8:59 | Guard Tower |
| 9:01 | Guard Tower |
| 9:05 | Scout Tower |
| 9:06 | Scout Tower |
| 9:23 | Storm Bolt |
| 9:27 | Castle |
| 9:43 | Scout Tower |
| 9:44 | Scout Tower |
| 9:57 | Improved Lumber Harvesting |
| 10:00 | Town Hall |
| 10:28 | Arcane Tower |
| 10:29 | Guard Tower |
| 10:49 | Boots of Speed |
| 10:50 | Staff of Teleportation |
| 11:09 | Guard Tower |
| 11:10 | Scout Tower |
| 11:11 | Scout Tower |
| 11:12 | Scout Tower |
| 11:15 | Brilliance Aura |
| 11:24 | Bash |
| 11:28 | Tome of Retraining |
| 11:28 | Retrain Hero |
| 11:35 | Scout Tower |
| 11:37 | Peasant |
| 11:37 | Peasant |
| 11:41 | Arcane Sanctum |
| 11:44 | Blizzard |
| 11:45 | Brilliance Aura |
| 12:17 | Guard Tower |
| 12:19 | Scroll of Regeneration |
| 12:27 | Imbued Masonry |
| 12:29 | Peasant |
| 12:31 | Peasant |
| 13:09 | Scout Tower |
| 13:10 | Scout Tower |
| 13:12 | Guard Tower |
| 13:34 | Magic Sentry |
| 13:38 | Scroll of Regeneration |
| 13:39 | Staff of Sanctuary |
| 13:45 | Scout Tower |
| 13:50 | Holy Light |
| 13:52 | Boots of Speed |
| 14:44 | Advanced Lumber Harvesting |
| 14:45 | Guard Tower |
| 14:47 | Scout Tower |
| 14:48 | Scout Tower |
| 14:50 | Guard Tower |
| 14:51 | Scout Tower |
| 14:53 | Scout Tower |
| 14:54 | Scout Tower |
| 14:55 | Scout Tower |
| 14:57 | Scroll of Regeneration |
| 15:00 | Staff of Sanctuary |
| 15:00 | Orb of Fire |
| 16:33 | Guard Tower |
| 16:33 | Scout Tower |
| 16:34 | Scout Tower |
| 16:36 | Scroll of Regeneration |
| 16:40 | Staff of Sanctuary |
| 16:40 | Orb of Fire |
| 17:04 | Scroll of Regeneration |
| 17:06 | Lesser Clarity Potion |
| 17:06 | Lesser Clarity Potion |
| 17:49 | Guard Tower |
| 17:50 | Scout Tower |
| 17:51 | Scout Tower |
| 17:53 | Scroll of Regeneration |
| 17:55 | Lesser Clarity Potion |
| 18:26 | Guard Tower |
| 19:06 | Scroll of Regeneration |
| 19:09 | Lesser Clarity Potion |
| 19:09 | Lesser Clarity Potion |
| 21:01 | Scout Tower |
| 21:03 | Guard Tower |
| 21:03 | Scout Tower |
| 21:04 | Scout Tower |
| 21:57 | Guard Tower |
| 21:58 | Guard Tower |
| 21:59 | Scroll of Regeneration |
| 22:05 | Lesser Clarity Potion |
| 22:06 | Lesser Clarity Potion |
| 23:48 | Divine Shield |
| 24:12 | Storm Bolt |
| 25:45 | Scroll of Regeneration |
| 25:48 | Lesser Clarity Potion |
| 25:53 | Lesser Clarity Potion |
| 25:58 | Orb of Fire |
| 28:06 | Brilliance Aura |
| 29:00 | Scout Tower |
| 29:01 | Scout Tower |
| 29:02 | Scout Tower |
| 29:09 | Scout Tower |
| 29:09 | Scout Tower |
| 29:10 | Scout Tower |
| 29:43 | Goblin Zeppelin |
| 30:11 | Staff of Silence |
| 30:18 | Pendant of Energy |
| 30:28 | Ring of Protection +5 |
| 32:25 | Guard Tower |
| 32:27 | Scout Tower |
| 32:28 | Scout Tower |
| 32:28 | Scout Tower |
| 32:29 | Scout Tower |
| 32:29 | Scout Tower |
| 32:54 | Ivory Tower |
| 33:27 | Staff of Silence |
| 33:31 | Arcane Tower |
| 34:31 | Holy Light |
| 34:41 | Bash |
| 34:51 | Arcane Tower |
| 34:58 | Scout Tower |
| 34:58 | Scout Tower |
| Right click | 2794 |
| Select group | 1585 |
| Select | 512 |
| Assign group | 390 |
| Build/train/purchase | 223 |
| Use ability | 165 |
| Chat | 51 |
| Misc. action | 38 |
| Item give/drop | 7 |
| Resource trade | 7 |
| Minimap ping | 2 |



| Scroll of Regeneration | 1 | 100 |
| Potion of Healing | 3 | 450 |
| Staff of Sanctuary | 4 | 1000 |
| Orb of Fire | 2 | 650 |
| Staff of Teleportation | 3 | 450 |
| Boots of Speed | 3 | 750 |
| Amulet of Spell Shield | 1 | 600 |
| Ring of Protection +5 | 1 | 600 |
| Pendant of Mana | 1 | 600 |
| total: | 19 | 5200g |
| Peasant | 19 | 1425 | / | 0 |
| Priest | 2 | 270 | / | 20 |
| Dragonhawk Rider | 4 | 800 | / | 120 |
| total: | 25 | 2495g | / | 140w |
| Scout Tower | 70 | 2100 | / | 1400 |
| Arcane Tower | 11 | 770 | / | 550 |
| Guard Tower | 42 | 2940 | / | 2100 |
| Altar of Kings | 1 | 180 | / | 50 |
| Farm | 6 | 480 | / | 120 |
| Lumber Mill | 1 | 120 | / | 0 |
| Arcane Vault | 2 | 260 | / | 60 |
| Town Hall | 1 | 385 | / | 205 |
| Blacksmith | 1 | 140 | / | 60 |
| Barracks | 1 | 160 | / | 60 |
| Arcane Sanctum | 1 | 150 | / | 140 |
| Gryphon Aviary | 1 | 140 | / | 150 |
| Keep | 1 | 320 | / | 210 |
| Castle | 1 | 360 | / | 210 |
| total: | 85 | 4115g | / | 2245w |
| 0:01 | Peasant |
| 0:01 | Peasant |
| 0:07 | Altar of Kings |
| 0:19 | Farm |
| 0:19 | Peasant |
| 0:20 | Peasant |
| 0:36 | Peasant |
| 0:39 | Farm |
| 0:51 | Peasant |
| 1:05 | Lumber Mill |
| 1:14 | Peasant |
| 1:20 | Peasant |
| 1:21 | Peasant |
| 1:21 | Peasant |
| 1:40 | Scout Tower |
| 1:43 | Scout Tower |
| 1:52 | Scout Tower |
| 1:57 | Peasant |
| 2:08 | Blizzard |
| 2:09 | Peasant |
| 2:17 | Arcane Tower |
| 2:19 | Scout Tower |
| 2:20 | Guard Tower |
| 2:22 | Peasant |
| 2:24 | Scout Tower |
| 2:56 | Guard Tower |
| 2:57 | Scout Tower |
| 2:58 | Guard Tower |
| 2:59 | Scout Tower |
| 3:14 | Peasant |
| 3:16 | Improved Masonry |
| 3:43 | Guard Tower |
| 3:44 | Scout Tower |
| 3:45 | Guard Tower |
| 3:46 | Scout Tower |
| 3:47 | Keep |
| 3:56 | Arcane Vault |
| 4:27 | Guard Tower |
| 4:28 | Scout Tower |
| 4:30 | Guard Tower |
| 4:31 | Scout Tower |
| 4:31 | Scout Tower |
| 4:44 | Scout Tower |
| 4:44 | Scout Tower |
| 4:48 | Scout Tower |
| 5:02 | Farm |
| 5:02 | Farm |
| 5:04 | Scout Tower |
| 5:05 | Scout Tower |
| 5:11 | Staff of Teleportation |
| 5:24 | Boots of Speed |
| 5:35 | Guard Tower |
| 5:53 | Guard Tower |
| 6:30 | Guard Tower |
| 6:32 | Scout Tower |
| 6:33 | Guard Tower |
| 6:33 | Guard Tower |
| 7:11 | Scroll of Regeneration |
| 7:28 | Guard Tower |
| 7:30 | Arcane Sanctum |
| 7:52 | Arcane Tower |
| 7:55 | Storm Bolt |
| 8:00 | Advanced Masonry |
| 8:00 | Imbued Masonry |
| 8:14 | Scout Tower |
| 8:17 | Scout Tower |
| 8:18 | Scout Tower |
| 8:38 | Potion of Healing |
| 8:43 | Priest |
| 8:57 | Guard Tower |
| 9:40 | Bash |
| 9:45 | Town Hall |
| 10:05 | Magic Sentry |
| 10:05 | Priest |
| 10:14 | Potion of Healing |
| 10:54 | Castle |
| 11:36 | Improved Lumber Harvesting |
| 11:38 | Scout Tower |
| 11:38 | Scout Tower |
| 11:39 | Scout Tower |
| 11:39 | Scout Tower |
| 12:02 | Guard Tower |
| 12:22 | Brilliance Aura |
| 12:30 | Scout Tower |
| 12:30 | Scout Tower |
| 12:30 | Scout Tower |
| 12:31 | Scout Tower |
| 12:34 | Scout Tower |
| 12:35 | Scout Tower |
| 12:54 | Peasant |
| 12:58 | Scout Tower |
| 12:59 | Scout Tower |
| 13:01 | Guard Tower |
| 13:35 | Guard Tower |
| 13:49 | Peasant |
| 13:49 | Peasant |
| 14:24 | Potion of Healing |
| 14:26 | Staff of Sanctuary |
| 14:30 | Boots of Speed |
| 14:55 | Staff of Teleportation |
| 15:13 | Holy Light |
| 15:30 | Guard Tower |
| 16:42 | Scout Tower |
| 16:42 | Scout Tower |
| 16:43 | Scout Tower |
| 16:43 | Scout Tower |
| 16:57 | Gryphon Aviary |
| 16:58 | Blacksmith |
| 17:33 | Orb of Fire |
| 17:58 | Scout Tower |
| 17:59 | Scout Tower |
| 17:59 | Scout Tower |
| 18:00 | Scout Tower |
| 18:00 | Guard Tower |
| 18:01 | Guard Tower |
| 18:11 | Peasant |
| 18:11 | Peasant |
| 18:14 | Advanced Lumber Harvesting |
| 18:45 | Staff of Sanctuary |
| 18:45 | Staff of Sanctuary |
| 18:48 | Arcane Vault |
| 19:15 | Arcane Tower |
| 19:19 | Dragonhawk Rider |
| 19:20 | Dragonhawk Rider |
| 19:21 | Farm |
| 20:17 | Boots of Speed |
| 20:17 | Staff of Teleportation |
| 20:26 | Barracks |
| 21:07 | Farm |
| 21:17 | Guard Tower |
| 21:39 | Staff of Sanctuary |
| 21:52 | Scout Tower |
| 21:52 | Scout Tower |
| 21:53 | Scout Tower |
| 21:53 | Scout Tower |
| 21:58 | Dragonhawk Rider |
| 21:58 | Dragonhawk Rider |
| 21:59 | Studded Leather Armor |
| 22:11 | Orb of Fire |
| 22:27 | Animal War Training |
| 22:42 | Storm Bolt |
| 23:08 | Blizzard |
| 23:24 | Scout Tower |
| 23:24 | Scout Tower |
| 23:25 | Scout Tower |
| 23:25 | Scout Tower |
| 23:26 | Scout Tower |
| 23:26 | Scout Tower |
| 23:26 | Scout Tower |
| 23:27 | Scout Tower |
| 23:28 | Guard Tower |
| 23:28 | Guard Tower |
| 23:41 | Guard Tower |
| 24:28 | Guard Tower |
| 25:03 | Reinforced Leather Armor |
| 25:04 | Cloud |
| 25:42 | Guard Tower |
| 26:04 | Guard Tower |
| 27:14 | Arcane Tower |
| 27:14 | Guard Tower |
| 28:02 | Scout Tower |
| 28:02 | Scout Tower |
| 28:03 | Scout Tower |
| 28:03 | Scout Tower |
| 28:28 | Amulet of Spell Shield |
| 28:43 | Ring of Protection +5 |
| 28:50 | Scout Tower |
| 28:50 | Scout Tower |
| 28:51 | Scout Tower |
| 28:51 | Scout Tower |
| 28:53 | Arcane Tower |
| 29:02 | Guard Tower |
| 29:32 | Guard Tower |
| 29:54 | Guard Tower |
| 29:55 | Scout Tower |
| 29:56 | Scout Tower |
| 30:22 | Arcane Tower |
| 30:25 | Guard Tower |
| 30:54 | Divine Shield |
| 32:38 | Arcane Tower |
| 32:39 | Arcane Tower |
| 33:28 | Dragonhide Armor |
| 34:00 | Pendant of Mana |
| 34:22 | Scout Tower |
| 34:23 | Scout Tower |
| 34:24 | Scout Tower |
| 34:24 | Scout Tower |
| 34:39 | Scout Tower |
| 34:40 | Scout Tower |
| 34:41 | Scout Tower |
| 35:17 | Bash |
| Right click | 3742 |
| Select | 1024 |
| Select group | 559 |
| Build/train/purchase | 291 |
| Use ability | 171 |
| Chat | 70 |
| Assign group | 24 |
| Misc. action | 16 |
| Item give/drop | 7 |
| Minimap ping | 5 |



| Scroll of Regeneration | 4 | 400 |
| Orb of Fire | 2 | 650 |
| Staff of Sanctuary | 3 | 750 |
| Staff of Teleportation | 3 | 450 |
| Boots of Speed | 3 | 750 |
| total: | 15 | 3000g |
| Peasant | 30 | 2250 | / | 0 |
| Goblin Zeppelin | 1 | 240 | / | 60 |
| total: | 31 | 2490g | / | 60w |
| Scout Tower | 125 | 3750 | / | 2500 |
| Arcane Tower | 1 | 70 | / | 50 |
| Guard Tower | 51 | 3570 | / | 2550 |
| Altar of Kings | 1 | 180 | / | 50 |
| Farm | 4 | 320 | / | 80 |
| Lumber Mill | 1 | 120 | / | 0 |
| Arcane Vault | 2 | 260 | / | 60 |
| Town Hall | 2 | 770 | / | 410 |
| Arcane Sanctum | 1 | 150 | / | 140 |
| Keep | 1 | 320 | / | 210 |
| Castle | 1 | 360 | / | 210 |
| total: | 136 | 5550g | / | 3240w |
| 0:01 | Peasant |
| 0:06 | Altar of Kings |
| 0:14 | Peasant |
| 0:17 | Farm |
| 0:26 | Peasant |
| 0:38 | Peasant |
| 0:47 | Scout Tower |
| 0:52 | Lumber Mill |
| 0:55 | Farm |
| 0:56 | Peasant |
| 1:13 | Peasant |
| 1:21 | Arcane Tower |
| 1:22 | Peasant |
| 1:28 | Scout Tower |
| 1:32 | Peasant |
| 1:50 | Peasant |
| 1:55 | Scout Tower |
| 1:55 | Guard Tower |
| 2:21 | Scout Tower |
| 2:21 | Guard Tower |
| 2:24 | Peasant |
| 2:26 | Peasant |
| 2:29 | Scout Tower |
| 2:35 | Blizzard |
| 3:00 | Guard Tower |
| 3:02 | Scout Tower |
| 3:03 | Scout Tower |
| 3:06 | Peasant |
| 3:07 | Peasant |
| 3:17 | Guard Tower |
| 3:49 | Guard Tower |
| 3:51 | Scout Tower |
| 3:51 | Scout Tower |
| 4:13 | Improved Masonry |
| 4:23 | Guard Tower |
| 4:29 | Guard Tower |
| 4:36 | Scout Tower |
| 4:36 | Scout Tower |
| 4:38 | Scout Tower |
| 5:15 | Scout Tower |
| 5:16 | Scout Tower |
| 5:16 | Scout Tower |
| 5:18 | Guard Tower |
| 5:23 | Guard Tower |
| 5:30 | Peasant |
| 5:45 | Keep |
| 5:54 | Guard Tower |
| 5:56 | Scout Tower |
| 5:57 | Scout Tower |
| 6:14 | Guard Tower |
| 6:30 | Guard Tower |
| 6:40 | Arcane Vault |
| 6:53 | Guard Tower |
| 6:55 | Scout Tower |
| 6:56 | Scout Tower |
| 6:56 | Scout Tower |
| 6:57 | Scout Tower |
| 6:58 | Scout Tower |
| 6:58 | Scout Tower |
| 6:59 | Scout Tower |
| 6:59 | Scout Tower |
| 7:01 | Scout Tower |
| 7:02 | Scout Tower |
| 7:30 | Guard Tower |
| 8:07 | Farm |
| 8:10 | Advanced Masonry |
| 9:05 | Brilliance Aura |
| 9:10 | Guard Tower |
| 9:14 | Town Hall |
| 9:27 | Storm Bolt |
| 9:31 | Guard Tower |
| 9:42 | Guard Tower |
| 10:09 | Staff of Teleportation |
| 10:16 | Boots of Speed |
| 10:20 | Blizzard |
| 10:26 | Guard Tower |
| 10:37 | Guard Tower |
| 10:47 | Guard Tower |
| 11:14 | Guard Tower |
| 11:15 | Scout Tower |
| 11:16 | Scout Tower |
| 11:16 | Scout Tower |
| 11:17 | Scout Tower |
| 11:23 | Peasant |
| 11:25 | Castle |
| 11:44 | Scroll of Regeneration |
| 11:48 | Bash |
| 11:57 | Goblin Zeppelin |
| 12:20 | Guard Tower |
| 12:24 | Scout Tower |
| 12:24 | Scout Tower |
| 12:27 | Scout Tower |
| 12:27 | Scout Tower |
| 12:28 | Scout Tower |
| 12:53 | Staff of Teleportation |
| 12:53 | Boots of Speed |
| 13:01 | Guard Tower |
| 13:04 | Scout Tower |
| 13:05 | Scout Tower |
| 13:05 | Scout Tower |
| 13:08 | Scout Tower |
| 13:09 | Scout Tower |
| 13:09 | Scout Tower |
| 13:09 | Scout Tower |
| 13:10 | Scout Tower |
| 13:10 | Scout Tower |
| 13:12 | Scout Tower |
| 13:12 | Scout Tower |
| 13:19 | Improved Lumber Harvesting |
| 13:21 | Arcane Vault |
| 13:24 | Peasant |
| 13:24 | Peasant |
| 13:27 | Scout Tower |
| 13:28 | Scout Tower |
| 13:29 | Scout Tower |
| 13:30 | Scout Tower |
| 14:09 | Guard Tower |
| 14:13 | Scout Tower |
| 14:13 | Scout Tower |
| 14:16 | Guard Tower |
| 14:16 | Guard Tower |
| 14:18 | Scout Tower |
| 14:20 | Peasant |
| 14:21 | Peasant |
| 14:39 | Advanced Lumber Harvesting |
| 14:40 | Peasant |
| 14:43 | Peasant |
| 14:55 | Guard Tower |
| 14:58 | Peasant |
| 15:18 | Holy Light |
| 15:20 | Scroll of Regeneration |
| 15:23 | Orb of Fire |
| 15:30 | Guard Tower |
| 15:31 | Scout Tower |
| 15:32 | Scout Tower |
| 15:33 | Scout Tower |
| 15:34 | Scout Tower |
| 15:36 | Imbued Masonry |
| 15:40 | Farm |
| 15:59 | Guard Tower |
| 16:04 | Town Hall |
| 16:09 | Guard Tower |
| 16:12 | Guard Tower |
| 16:22 | Boots of Speed |
| 16:42 | Staff of Sanctuary |
| 16:46 | Guard Tower |
| 16:54 | Scout Tower |
| 16:55 | Scout Tower |
| 16:57 | Scout Tower |
| 16:57 | Scout Tower |
| 17:06 | Staff of Teleportation |
| 17:26 | Guard Tower |
| 17:59 | Guard Tower |
| 18:03 | Scout Tower |
| 18:04 | Scout Tower |
| 18:08 | Scout Tower |
| 18:11 | Scout Tower |
| 18:11 | Scout Tower |
| 18:12 | Peasant |
| 18:13 | Peasant |
| 18:14 | Peasant |
| 18:17 | Guard Tower |
| 18:19 | Scout Tower |
| 18:20 | Scout Tower |
| 18:21 | Scout Tower |
| 18:53 | Guard Tower |
| 18:57 | Scout Tower |
| 18:58 | Scout Tower |
| 19:16 | Scout Tower |
| 19:18 | Staff of Sanctuary |
| 19:25 | Staff of Sanctuary |
| 19:39 | Orb of Fire |
| 19:51 | Guard Tower |
| 20:19 | Scout Tower |
| 20:20 | Scout Tower |
| 20:20 | Scout Tower |
| 20:22 | Scout Tower |
| 20:22 | Scout Tower |
| 21:56 | Peasant |
| 21:56 | Peasant |
| 22:00 | Guard Tower |
| 23:14 | Storm Bolt |
| 24:12 | Divine Shield |
| 25:17 | Peasant |
| 25:17 | Peasant |
| 25:42 | Scroll of Regeneration |
| 25:42 | Scroll of Regeneration |
| 25:49 | Scout Tower |
| 25:50 | Scout Tower |
| 25:52 | Scout Tower |
| 25:59 | Scout Tower |
| 26:49 | Guard Tower |
| 26:51 | Scout Tower |
| 26:52 | Scout Tower |
| 26:54 | Scout Tower |
| 26:55 | Scout Tower |
| 27:14 | Arcane Sanctum |
| 27:31 | Scout Tower |
| 27:31 | Scout Tower |
| 27:32 | Scout Tower |
| 28:12 | Guard Tower |
| 28:26 | Brilliance Aura |
| 28:40 | Guard Tower |
| 28:41 | Scout Tower |
| 28:41 | Scout Tower |
| 28:42 | Peasant |
| 28:44 | Scout Tower |
| 28:58 | Guard Tower |
| 28:59 | Scout Tower |
| 28:59 | Scout Tower |
| 29:03 | Scout Tower |
| 29:05 | Magic Sentry |
| 29:08 | Scout Tower |
| 29:08 | Scout Tower |
| 29:09 | Scout Tower |
| 29:09 | Scout Tower |
| 29:10 | Guard Tower |
| 29:13 | Scout Tower |
| 29:13 | Scout Tower |
| 29:21 | Scout Tower |
| 29:21 | Scout Tower |
| 29:50 | Guard Tower |
| 29:52 | Scout Tower |
| 29:52 | Scout Tower |
| 29:55 | Guard Tower |
| 29:58 | Scout Tower |
| 29:58 | Scout Tower |
| 29:59 | Scout Tower |
| 29:59 | Scout Tower |
| 30:00 | Scout Tower |
| 30:00 | Scout Tower |
| 30:01 | Scout Tower |
| 30:20 | Guard Tower |
| 30:57 | Holy Light |
| 31:56 | Bash |
| 32:15 | Guard Tower |
| 32:42 | Scout Tower |
| 32:43 | Scout Tower |
| 32:45 | Scout Tower |
| 32:45 | Scout Tower |
| 32:46 | Scout Tower |
| 33:44 | Guard Tower |
| 34:15 | Guard Tower |
| 34:18 | Scout Tower |
| 34:19 | Scout Tower |
| 34:20 | Scout Tower |
| 34:20 | Scout Tower |
| 34:21 | Scout Tower |
| 34:22 | Scout Tower |
| 34:22 | Scout Tower |
| 34:22 | Scout Tower |
| 35:02 | Guard Tower |
| Right click | 2064 |
| Select | 1419 |
| Select group | 359 |
| Assign group | 262 |
| Build/train/purchase | 178 |
| Use ability | 129 |
| Minimap ping | 11 |
| Misc. action | 6 |
| Item give/drop | 6 |
| Remove unit | 1 |
⇛